 Dungeon Crawl Stone Soup version 0.17.1-3-g152610e (webtiles) character file.

36960 Mechanique the Blocker (level 13, -9/119 HPs)
             Began as a Minotaur Berserker on Mar 29, 2016.
             Was a High Priest of Trog.
             Mangled by a spiny frog (15 damage)
             ... on level 1 of the Swamp on Mar 30, 2016.
             The game lasted 01:15:46 (14053 turns).

Mechanique the Blocker (Minotaur Berserker)        Turns: 14053, Time: 01:15:47

Health: -9/119     AC: 26    Str: 29    XL:     13   Next: 55%
Magic:  21/21      EV: 12    Int:  6    God:    Trog [*****.]
Gold:   1604       SH: 14    Dex: 10    Spells: 0 memorised, 12 levels left

rFire  + . .     SeeInvis .     S - +6 morningstar (protect)
rCold  . . .     Clarity  +     d - +0 plate armour
rNeg   . . .     SustAt   .     g - +0 shield
rPois  +         Gourm    .     (helmet restricted)
rElec  .         Spirit   .     b - +1 cloak {MR+}
rCorr  .         Warding  .     l - +0 pair of gloves
rMut   .         Stasis   .     y - +0 pair of boots
MR     +++++                    k - amulet of clarity
Stlth  ..........               I - ring "Hyzoreaff" {rF+ MR++ MP+9 Str+2}
                                m - ring of poison resistance

@: lethally poisoned (-9 -> -10), regenerating, almost entirely resistant to
hostile enchantments, extremely unstealthy
A: retaliatory headbutt, horns 2, berserk 1, breathe flames 1, clever 1
a: Berserk, Trog's Hand, Brothers in Arms, Burn Spellbooks, Renounce Religion,
Breathe Fire


You were on level 1 of the Swamp.
You worshipped Trog.
Trog was extremely pleased with you.
You were not hungry.

You visited 4 branches of the dungeon, and saw 18 of its levels.

You collected 1844 gold pieces.
You spent 240 gold pieces at shops.

Inventory:

Hand Weapons
 h - a +1 mace of protection
 i - a +0 morningstar
 A - the +9 dagger "Zuattiog" {venom, rC+ SInv, unknown}
   (You found it on level 8 of the Dungeon)

   It poisons the flesh of those it strikes.
   It protects you from cold.
   It lets you see invisible.
 D - a +5 great mace of venom
 E - a +1 long sword of protection
 H - a +2 great mace of venom
 J - a +0 falchion of slicing
 K - a +3 falchion of electrocution
 M - a +3 scimitar
 S - a +6 morningstar of protection (weapon)
 Y - a +3 glaive of venom
Armour
 b - a +1 cloak of magic resistance (worn)
 d - a +0 plate armour (worn)
 g - a +0 shield (worn)
 l - a +0 pair of gloves (worn)
 n - a storm dragon hide
 y - a +0 pair of boots (worn)
 C - a +1 cloak
 G - the +0 shield "Yshaulu" {Regen+ Str-5 Int+7 SInv}
   (You took it off Donald on level 4 of the Orcish Mines)

   It affects your strength (-5).
   It affects your intelligence (+7).
   It lets you see invisible.
   It increases your rate of regeneration.
 V - the +9 ring mail "Fywog" {rElec, unknown}
   (You found it on level 2 of the Lair of Beasts)

   It insulates you from electricity.
Jewellery
 k - an amulet of clarity (around neck)
 m - a ring of poison resistance (left hand)
 q - an uncursed ring of protection from magic
 I - the ring "Hyzoreaff" (right hand) {rF+ MR++ MP+9 Str+2}
   (You bought it in a shop on level 4 of the Orcish Mines)

   [ring of magical power]

   It affects your strength (+2).
   It protects you from fire.
   It affects your resistance to hostile enchantments.
   It affects your magic capacity (+9).
 X - an uncursed ring of protection from fire {unknown}
Wands
 j - a wand of magic darts (33)
 w - a wand of polymorph (11)
 L - a wand of cold (10)
 P - a wand of frost (17)
 U - a wand of random effects (31)
Scrolls
 p - 2 scrolls of remove curse
 r - 5 scrolls of teleportation
 s - 7 scrolls of identify
 O - a scroll of recharging {unknown}
 Q - a scroll of enchant armour
 W - a scroll of immolation {unknown}
Potions
 a - 3 potions of haste {unknown}
 e - 8 potions of curing
 o - a potion of flight
 x - a potion of brilliance
 z - 3 potions of resistance
 B - 3 potions of might {unknown}
 F - a potion of magic
 N - a potion of cancellation
 R - 3 potions of heal wounds
 T - a potion of ambrosia {unknown}
Comestibles
 c - 8 bread rations
 f - 12 meat rations
 t - a beef jerky
 u - 8 slices of pizza
 v - 14 fruits
 Z - a chunk of flesh


   Skills:
 + Level 12.8 Fighting
 + Level 12.7 Maces & Flails
 + Level 12.2 Armour
 + Level 11.4 Dodging
 * Level 13.3 Shields


You had 12 spell levels left.
You didn't know any spells.

Dungeon Overview and Level Annotations

Branches:
Dungeon (10/15)            Temple (0/1) D:5            Lair (3/8) D:9
  Swamp (1/4) Lair:3          Orc (4/4) D:10            Elf (0/3) Orc:3
  Snake: Lair:3-6    Spider: Lair:3-6

Altars:
Dithmenos
Elyvilon
Fedhas
Okawaru
Ru
Sif Muna
Trog
Vehumet
Yredelemnul
Zin
Beogh

Shops:
D:5 %   D:6 *(**   D:9 }   D:10 !   Orc:1 [(   Orc:2 :   Orc:4 *(!=


Innate Abilities, Weirdness & Mutations

You reflexively headbutt those who attack you in melee.
You have a pair of horns on your head.
You tend to lose your temper in combat.
You can breathe flames.
Your mind is acute. (Int +2)


Message History

The spiny frog stings you.
You are poisoned.
The spiny frog poisons you!
Your plate armour prevents you from hitting the spiny frog.
You headbutt the spiny frog, but do no damage.
The spiny frog is heavily wounded.
You feel sick.
The spiny frog stings you but does no damage.
The spiny frog stings you!
* * * LOW HITPOINT WARNING * * *
You are too injured to fight recklessly!
You hit the spiny frog. Your headbutt misses the spiny frog.
The spiny frog is severely wounded.
You feel sick. The spiny frog stings you!
* * * LOW HITPOINT WARNING * * *
Your unstable footing causes you to fumble your attack.
You feel sick. You block the spiny frog's attack.
Your unstable footing causes you to fumble your attack.
You feel sick. The spiny frog stings you!
You die...

...♣♣♣♣♣.≈≈ ....≈.♣.≈.♣
..≈. .> ≈≈§.....≈♣♣ ♣...
.. ≈≈≈....≈..♣♣♣.≈≈≈..
..≈≈....≈≈.≈.§≈≈≈.♣
.≈≈≈.....≈.≈..≈≈≈.♣♣
≈.....≈≈≈...♣♣.....♣♣
......≈≈≈≈≈.♣♣≈†♣F..♣♣
.(≈≈..≈≈≈≈≈§♣♣♣♣@≈≈?≈♣♣♣♣
..≈..♣.≈≈..≈♣≈≈≈≈≈≈≈.≈..♣
...≈≈.♣♣....≈...≈.≈♣♣≈≈.
..≈≈≈.≈♣≈≈♣.≈≈≈.♣♣♣♣ ≈
..≈≈≈≈♣♣♣♣♣≈♣.≈.♣
≈..§≈♣♣♣♣♣♣♣♣♣♣♣♣
...≈≈♣♣≈≈♣♣♣ .≈≈≈≈♣ ≈≈≈≈
.≈≈≈≈♣ ≈≈≈♣


You could see a spiny frog.

Vanquished Creatures
  Donald (Orc:4)
  Snorg (Orc:4)
  Erolcha (D:9)
  3 hydras
  2 alligators (Swamp:1)
  The ghost of GFox the Protected, a novice MiMo of Okawaru (D:10)
  2 swamp dragons (Swamp:1)
  A hill giant (Lair:1)
  4 orc knights
  An orc sorcerer (Orc:2)
  A griffon (Lair:2)
  4 elephants (Lair:2)
  Maurice (D:9)
  The ghost of SaintRoka the Ruffian, a novice CeTm (D:5)
  8 spiny frogs
  2 komodo dragons (Lair:3)
  3 trolls
  8 slime creatures (Swamp:1)
  The ghost of riffraff the Skirmisher, an amateur DsBe of Trog (D:4)
  2 two-headed ogres
  A bog body (Swamp:1)
  4 hippogriffs
  12 yaks
  A human (D:7)
  A hungry ghost (D:8)
  The ghost of tape the Grasshopper, an amateur HuWr (D:3)
  11 wolves
  4 wargs (Orc:4)
  4 swamp worms (Swamp:1)
  36 orc warriors
  5 porcupines
  5 water moccasins
  3 ice beasts
  9 ogres
  5 swamp drakes (Swamp:1)
  2 wasps
  2 black bears
  A phantom (D:9)
  A sky beast (D:3)
  4 centaurs
  6 crocodiles
  11 giant frogs
  A scorpion (D:10)
  3 crimson imps
  2 jellies
  4 hounds
  Crazy Yiuf (D:3)
  24 orc priests
  4 worker ants
  Terence (D:3)
  2 centaur skeletons
  8 iguanas
  17 orc wizards
  11 sheep
  A hound zombie (D:7)
  Robin (D:2)
  10 gnolls
  38 river rats
  6 adders
  5 shadow imps
  An ooze (D:7)
  2 adder skeletons
  An adder zombie (D:7)
  2 worms
  4 giant geckos
  164 orcs
  A ball python (D:6)
  5 giant cockroaches
  14 goblins
  13 hobgoblins
  14 jackals
  3 quokkas
  7 bats
  6 giant newts
  9 kobolds
  6 rats
  2 fungi
570 creatures vanquished.

Vanquished Creatures (collateral kills)
  An orc warlord (Orc:4)
  4 orc knights (Orc:4)
  An oklob plant (D:7)
  A hippogriff (Lair:3)
  2 wargs (Orc:1)
  3 vampire mosquitoes (Lair:3)
  8 orc warriors (Orc:4)
  A giant frog (Lair:3)
  An orc wizard (Orc:1)
  4 river rats (Lair:3)
  8 orcs
34 creatures vanquished.

Vanquished Creatures (others)
  A giant leech (Swamp:1)
1 creature vanquished.

Grand Total: 605 creatures vanquished

Notes
Turn   | Place    | Note
--------------------------------------------------------------
     0 | D:1      | Mechanique the Minotaur Berserker began the quest for the Orb.
     0 | D:1      | Reached XP level 1. HP: 19/19 MP: 0/0
   169 | D:1      | Reached XP level 2. HP: 20/27 MP: 1/1
   196 | D:1      | Reached skill level 4 in Maces & Flails
   348 | D:2      | Reached XP level 3. HP: 11/33 MP: 2/2
   483 | D:2      | Found a deep blue altar of Sif Muna.
   610 | D:2      | Noticed Robin
   616 | D:2      | Reached ** piety under Trog
   622 | D:2      | Killed Robin
   622 | D:2      | Reached XP level 4. HP: 40/40 MP: 3/3
   699 | D:2      | Found a basalt altar of Yredelemnul.
  1218 | D:3      | Noticed a sky beast
  1224 | D:3      | Killed a sky beast
  1224 | D:3      | Reached skill level 5 in Maces & Flails
  1224 | D:3      | Reached XP level 5. HP: 47/47 MP: 4/4
  1355 | D:3      | Reached *** piety under Trog
  1463 | D:3      | Noticed tape's ghost (amateur HuWr)
  1469 | D:3      | Killed tape's ghost
  1469 | D:3      | Reached skill level 5 in Fighting
  1469 | D:3      | Reached XP level 6. HP: 56/56 MP: 5/5
  1514 | D:3      | Found a glowing silver altar of Zin.
  1558 | D:3      | Noticed Crazy Yiuf
  1562 | D:3      | Killed Crazy Yiuf
  1689 | D:3      | Noticed Terence
  1700 | D:3      | Killed Terence
  1935 | D:4      | Noticed riffraff's ghost (amateur DsBe)
  1950 | D:4      | Killed riffraff's ghost
  1950 | D:4      | Reached skill level 6 in Maces & Flails
  1950 | D:4      | Reached XP level 7. HP: 61/62 MP: 6/6
  2032 | D:4      | Found a radiant altar of Vehumet.
  2166 | D:4      | Reached skill level 5 in Armour
  2251 | D:4      | Found an iron altar of Okawaru.
  2276 | D:4      | Found a sacrificial altar of Ru.
  2277 | D:4      | Found a white marble altar of Elyvilon.
  2485 | D:4      | Reached skill level 5 in Dodging
  2517 | D:5      | Entered Level 5 of the Dungeon
  2665 | D:5      | Gained mutation: You can breathe flames. [potion of mutation]
  2665 | D:5      | Gained mutation: Your mind is acute. (Int +2) [potion of mutation]
  2665 | D:5      | Gained mutation: You tend to lose your temper in combat. [potion of mutation]
  2707 | D:5      | Noticed SaintRoka's ghost (novice CeTm)
  2724 | D:5      | Killed SaintRoka's ghost
  2724 | D:5      | Reached skill level 7 in Maces & Flails
  2724 | D:5      | Reached XP level 8. HP: 71/71 MP: 7/7
  2771 | D:5      | Found a staircase to the Ecumenical Temple.
  2827 | D:5      | Reached **** piety under Trog
  2886 | D:5      | Found Zereh's Food Shop.
  3330 | D:6      | Found Daophih's Weapon Shoppe.
  3337 | D:6      | Found Casohapa's Assorted Antiques.
  3354 | D:6      | Found Batzukhl Sida's General Store.
  3498 | D:6      | Found Feeppys's Assorted Antiques.
  3543 | D:6      | Found a bloodstained altar of Trog.
  3743 | D:6      | Reached skill level 8 in Maces & Flails
  3860 | D:7      | Reached XP level 9. HP: 77/81 MP: 8/8
  4378 | D:7      | Reached skill level 1 in Shields
  4442 | D:7      | Found a blossoming altar of Fedhas.
  4463 | D:7      | Noticed an oklob plant
  4533 | D:7      | Reached skill level 9 in Maces & Flails
  4871 | D:7      | Killed an oklob plant
  5308 | D:8      | Reached XP level 10. HP: 91/91 MP: 9/9
  5327 | D:8      | Got a shimmering dagger
  5684 | D:9      | Found a staircase to the Lair.
  5798 | D:9      | Noticed Maurice
  5840 | D:9      | Killed Maurice
  5840 | D:9      | Reached skill level 5 in Shields
  5872 | D:9      | Noticed Erolcha
  5887 | D:9      | Killed Erolcha
  6131 | D:9      | Found Yfioxt's Gadget Emporium.
  6312 | D:10     | Entered Level 10 of the Dungeon
  6364 | D:10     | Found a staircase to the Orcish Mines.
  6492 | D:10     | Reached skill level 10 in Maces & Flails
  6501 | D:10     | Found Mitut's Distillery.
  6534 | D:10     | Reached skill level 10 in Fighting
  6579 | D:10     | Noticed GFox's ghost (novice MiMo)
  6597 | D:10     | Killed GFox's ghost
  6625 | D:10     | Reached ***** piety under Trog
  6846 | D:10     | Found a shadowy altar of Dithmenos.
  7327 | Orc:1    | Entered Level 1 of the Orcish Mines
  7327 | Orc:1    | Found Ikimaejy's Weapon Shop.
  7394 | Orc:1    | Reached XP level 11. HP: 57/99 MP: 10/10
  7555 | Orc:1    | Found Giepurue's Armour Shoppe.
  7662 | Orc:2    | Found Voos's Book Shop.
  8295 | Orc:3    | Found a roughly hewn altar of Beogh.
  8312 | Orc:2    | Reached skill level 10 in Armour
  8318 | Orc:2    | Received a gift from Trog
  8544 | Orc:3    | Found a staircase to the Elven Halls.
  9437 | Orc:4    | Entered Level 4 of the Orcish Mines
  9513 | Orc:4    | Noticed Donald
  9552 | Orc:4    | Killed Donald
  9552 | Orc:4    | Reached skill level 11 in Maces & Flails
  9558 | Orc:4    | Got a polished shield {Donald}
  9569 | Orc:4    | Identified the +0 shield "Yshaulu" {Regen+ Str-5 Int+7 SInv} (You took it off Donald on level 4 of the Orcish Mines)
  9734 | Orc:4    | Reached skill level 10 in Shields
  9783 | Orc:4    | Found Sesuipek's Assorted Antiques.
  9783 | Orc:4    | Found Moschal's Antique Weapon Emporium.
  9795 | Orc:4    | Bought a crude lapis lazuli ring for 150 gold pieces
  9796 | Orc:4    | Identified the ring "Hyzoreaff" {rF+ MR++ MP+9 Str+2} (You bought it in a shop on level 4 of the Orcish Mines)
  9825 | Orc:4    | Bought a scroll of teleportation for 90 gold pieces
  9838 | Orc:4    | Found a roughly hewn altar of Beogh.
  9848 | Orc:4    | Noticed Snorg
  9905 | Orc:4    | Killed Snorg
  9905 | Orc:4    | Reached XP level 12. HP: 42/110 MP: 11/11
 10247 | Orc:4    | Noticed an orc warlord
 10287 | Orc:4    | Reached skill level 10 in Dodging
 10400 | Orc:4    | Killed an orc warlord
 10402 | Orc:4    | Received a gift from Trog
 10601 | Orc:4    | Found Nipsueka's Jewellery Emporium.
 10658 | Orc:4    | Found Tanamp's Distillery.
 10986 | Lair:1   | Entered Level 1 of the Lair of Beasts
 10988 | Lair:1   | Noticed a seven-headed hydra
 10999 | Lair:1   | Killed a seven-headed hydra
 11304 | Lair:1   | Reached skill level 12 in Maces & Flails
 11801 | Lair:1   | Received a gift from Trog
 12070 | Lair:2   | Reached XP level 13. HP: 93/118 MP: 12/12
 12326 | Lair:2   | Got an ichor-stained ring mail
 12865 | Lair:3   | Found a staircase to the Swamp.
 13590 | Swamp:1  | Entered Level 1 of the Swamp
 13713 | Swamp:1  | Received a gift from Trog
 13727 | Swamp:1  | Reached skill level 13 in Shields
 14051 | Swamp:1  | HP: 5/119 [spiny frog (13)]
 14053 | Swamp:1  | Mangled by a spiny frog

Action                   |  1- 3 |  4- 6 |  7- 9 | 10-12 | 13-15 || total
-------------------------+-------+-------+-------+-------+-------++-------
Melee: Mace              |    65 |   105 |   403 |  1134 |       ||  1707
       Morningstar       |       |       |    50 |    72 |   229 ||   351
Invok: Berserk           |     1 |     3 |     2 |    10 |     3 ||    19
       Trog's Hand       |       |       |     4 |    11 |     2 ||    17
       Brothers in Arms  |       |       |     2 |     4 |     1 ||     7
       Burn Spellbooks   |       |       |       |     1 |     1 ||     2
  Use: Potion            |       |     3 |     6 |     3 |       ||    12
       Scroll            |       |       |     8 |     5 |       ||    13
  Eat: Chunk             |       |     4 |    12 |    36 |     9 ||    61
       Bread ration      |       |     1 |       |       |       ||     1
       Pizza             |       |       |     1 |       |       ||     1
       Beef jerky        |       |       |     1 |       |       ||     1
       Fruit             |       |       |       |     2 |     1 ||     3
